 Dungeon Crawl Stone Soup version 0.21.1-1-g345015f (webtiles) character file.

67 keltmir the Skirmisher (level 3, 0/29 HPs)
             Began as a Demonspawn Gladiator on Mar 21, 2018.
             Was a Follower of Uskayaw.
             Slain by a worm (5 damage)
             ... on level 1 of the Dungeon.
             The game lasted 00:07:06 (1578 turns).

keltmir the Skirmisher (Demonspawn Gladiator)       Turns: 1578, Time: 00:07:06

Health: 0/29       AC:  4    Str: 15    XL:     3   Next: 98%
Magic:  3/3        EV: 12    Int:  9    God:    Uskayaw [*.....]
Gold:   65         SH:  0    Dex: 14    Spells: 2/2 levels left

rFire    . . .     SeeInvis .   a - +0 flail
rCold    . . .     Gourm    .   (no shield)
rNeg     . . .     Faith    .   b - +0 leather armour
rPois    .         Spirit   .   c - +0 helmet
rElec    .         Reflect  .   (no cloak)
rCorr    .         Harm     .   (no gloves)
MR       .....                  (no boots)
Stlth    +.........             (no amulet)
HPRegen  0.09/turn              (no ring)
MPRegen  0.08/turn              (no ring)

@: no status effects
A: powered by pain 1
a: Stomp, Renounce Religion


You were on level 1 of the Dungeon.
You worshipped Uskayaw.
Uskayaw was noncommittal.
You were not hungry.

You visited 1 branch of the dungeon, and saw 2 of its levels.

You collected 65 gold pieces.

Inventory:

Hand Weapons
 a - a +0 flail (weapon)
Missiles
 d - 3 throwing nets (quivered)
Armour
 b - a +0 leather armour (worn)
 c - a +0 helmet (worn)
 e - a +0 pair of boots
 g - a +0 ring mail
 k - a +0 cloak
 q - a +0 cloak
Scrolls
 i - a scroll of noise
 l - 3 scrolls of identify
 n - a scroll of enchant armour {unknown}
 o - a scroll of teleportation
 p - a scroll of enchant weapon {unknown}
Potions
 j - 2 potions of curing
 m - a potion of degeneration {unknown}
Books
 h - a book of Cantrips

   Spells                             Type                      Level
   a - Confusing Touch                Hexes                        1
   b - Animate Skeleton               Necromancy                   1
   c - Summon Small Mammal            Summoning                    1
   d - Apportation                    Translocation                1
Comestibles
 f - 3 rations
 r - a chunk of flesh


   Skills:
 * Level 3.3 Fighting
 + Level 3.2 Maces & Flails
 - Level 1.7 Throwing
 + Level 1.3 Armour
 - Level 2.6 Dodging


You had 2 spell levels left.
You didn't know any spells.

Dungeon Overview and Level Annotations

Branches:
Dungeon (2/15)

Altars:
Ashenzari
Uskayaw


Innate Abilities, Weirdness & Mutations

You sometimes gain a little power by taking damage.


Message History

You start resting.
You hit the worm.
The worm is moderately wounded.
The worm closely misses you.
You hit the worm.
The worm is heavily wounded.
The worm bites you.
You hit the worm but do no damage.
The worm is heavily wounded.
You hit the worm but do no damage.
The worm is heavily wounded.
The worm bites you.
You hit the worm.
The worm is heavily wounded.
The worm bites you.
* * * LOW HITPOINT WARNING * * *
You hit the worm.
The worm is severely wounded.
The worm bites you.
You die...

##### ....# ....#
....#####################
.........##.....@w......#
.....###.##.###########.#
####.#....#.# #...#.#
####.#.#[.#.# #.#.#.#
.....#+#....#### #.#...#
....(.(..(##...# #.#####
..........##.#.# #.#
..........+..#.# #.#
##### ..........####.#
#w# #(..#


You could see a worm.

Vanquished Creatures
  2 adders (D:2)
  4 leopard geckos (D:1)
  3 bats (D:1)
  A giant cockroach (D:2)
  3 goblins (D:1)
  3 hobgoblins (D:1)
  9 jackals (D:1)
  5 frilled lizards (D:1)
  10 kobolds
  4 rats (D:1)
44 creatures vanquished.

Notes
Turn   | Place    | Note
-------+----------+-------------------------------------------
     0 | D:1      | keltmir the Demonspawn Gladiator began the quest for the Orb.
     0 | D:1      | Reached XP level 1. HP: 16/16 MP: 1/1
    48 | D:1      | Gained mutation: You sometimes gain a little power by taking damage. [demonic ancestry]
    48 | D:1      | Reached XP level 2. HP: 9/23 MP: 2/2
   604 | D:1      | Reached XP level 3. HP: 19/28 MP: 3/3
   715 | D:1      | Reached skill level 1 in Armour
  1235 | D:2      | Found a faded altar of an unknown god.
  1396 | D:2      | Became a worshipper of Uskayaw the Reveler
  1396 | D:2      | Reached * piety under Uskayaw
  1446 | D:2      | Found a shattered altar of Ashenzari.
  1578 | D:1      | Slain by a worm

Skill      XL: |  1  2  3 |
---------------+----------+-----
Maces & Flails | 3 |  3.2
Armour         | 1 |  1.3
Fighting       | 3 |  3.3
Throwing       | |  1.7
Dodging        | |  2.6

Action                   || total
-------------------------++-------
Melee: Flail             ||   143
  Use: Scroll            ||     3
 Stab: Sleeping          ||     1
  Eat: Chunk             ||     2
Armor: Leather armour    ||    55
Dodge: Dodged            ||   125
